 Dungeon Crawl Stone Soup version 0.20.0-7-g3b7b877 (webtiles) character file.

90679 MDvedh the Fighter (level 15, -1/121 HPs)
             Began as a Red Draconian Conjurer on May 29, 2017.
             Was the Champion of Vehumet.
             Slain by a nagaraja
             ... wielding a +2 flail of crushing
              (2 damage)
             ... on level 2 of the Snake Pit.
             The game lasted 01:41:49 (30419 turns).

MDvedh the Fighter (Red Draconian Conjurer)        Turns: 30419, Time: 01:41:50

Health: -1/121     AC: 14    Str: 10      XL:     15   Next: 52%
Magic:  3/30       EV: 19    Int: 23      God:    Vehumet [******]
Gold:   1236       SH:  5    Dex: 16 (17) Spells: 9/36 levels left

rFire    + + +     SeeInvis .   s - +2 rapier (venom)
rCold    . . .     Gourm    .   x - +0 buckler
rNeg     . . .     Faith    .   (armour unavailable)
rPois    +         Spirit   .   b - +2 hat {Int+3}
rElec    .         Reflect  .   r - scarf {rC+ rF+}
rCorr    .         Harm     .   y - +0 pair of gloves {Dex+3}
MR       +....                  q - +1 pair of boots {Stlth+}
Stlth    +++.......             J - amulet of regeneration
Regen    0.7/turn               O - ring of fire
MPRegen  0.3/turn               n - ring of poison resistance

@: very slightly contaminated, constricted
A: breathe fire, unfitting armour, antennae 1, talons 1, deterioration 1, fire
resistance 1, frail 1, cold-blooded, AC +9
a: Breathe Fire, Renounce Religion


You were on level 2 of the Snake Pit.
You worshipped Vehumet.
Vehumet was exalted by your worship.
You were very hungry.

You visited 5 branches of the dungeon, and saw 26 of its levels.
You visited the Abyss 1 time.
You also visited: Labyrinth, Bailey and Ice Cave.

You collected 2192 gold pieces.
You spent 956 gold pieces at shops.

Inventory:

Hand Weapons
 s - a +2 rapier of venom (weapon)
 P - the +6 dagger of the Tiger {vamp, Str+2}
   (You bought it in a shop on level 2 of the Orcish Mines)

   It inflicts no extra harm, but heals its wielder when it wounds a living foe.
   It affects your strength (+2).
 R - the +7 trident of Ashenzari's Vengeance {pierce, +Rage Int+3}
   (You found it on level 14 of the Dungeon)

   It inflicts extra damage upon your enemies.
   It affects your intelligence (+3).
   It lets you go berserk.
Armour
 b - a +2 hat of intelligence (worn)
 q - a +1 pair of boots of stealth (worn)
 r - a scarf of resistance (worn)
 x - a +0 buckler (worn)
 y - a +0 pair of gloves of dexterity (worn)
 Q - a +0 cloak of invisibility
Jewellery
 k - an uncursed ring of magical power
 n - a ring of poison resistance (right hand)
 v - an uncursed ring of see invisible
 G - an uncursed ring of ice
 I - an uncursed ring of protection from magic
 J - an amulet of regeneration (around neck)
 O - a ring of fire (left hand)
Wands
 K - a wand of digging (8/24)
 N - a wand of flame (24/48)
 S - a wand of random effects (20/48)
 U - a wand of random effects (24/48)
 V - a wand of digging (11/24)
 W - a wand of acid (7/15)
Scrolls
 c - 5 scrolls of fog
 e - 4 scrolls of identify
 j - 3 scrolls of amnesia
 m - a scroll of fear
 u - 5 scrolls of teleportation
 z - 3 scrolls of recharging
 A - 3 scrolls of enchant weapon
 C - 3 scrolls of magic mapping
 D - 8 scrolls of remove curse
 F - 2 scrolls of enchant armour
 X - a scroll of blinking
Potions
 d - 2 potions of might
 f - 5 potions of resistance
 g - 2 potions of cancellation
 h - a potion of berserk rage
 o - 2 potions of curing
 p - a potion of agility
 B - 4 potions of lignification
 L - 4 potions of flight
Books
 a - a book of Conjurations

   Spells                             Type                      Level
   a - Magic Dart                     Conjuration                  1
   b - Searing Ray                    Conjuration                  2
   c - Dazzling Spray                 Conjuration/Hexes            3
   d - Fulminant Prism                Conjuration/Hexes            4
   e - Force Lance                    Conjuration/Translocation    4
   f - Iskenderun's Mystic Blast      Conjuration                  4
 i - a book of Air

   Spells                             Type                      Level
   a - Shock                          Conjuration/Air              1
   b - Swiftness                      Charms/Air                   2
   c - Static Discharge               Conjuration/Air              3
   d - Airstrike                      Air                          4
   e - Lightning Bolt                 Conjuration/Air              5
 l - a book of Changes

   Spells                             Type                      Level
   a - Beastly Appendage              Transmutation                1
   b - Sticks to Snakes               Transmutation                2
   c - Spider Form                    Transmutation/Poison         3
   d - Ice Form                       Ice/Transmutation            4
   e - Blade Hands                    Transmutation                5
 M - a book of Clouds

   Spells                             Type                      Level
   a - Poisonous Vapours              Poison/Air                   2
   b - Mephitic Cloud                 Conjuration/Poison/Air       3
   c - Conjure Flame                  Conjuration/Fire             3
   d - Freezing Cloud                 Conjuration/Ice/Air          6
   e - Ring of Flames                 Charms/Fire                  7
Comestibles
 w - 6 royal jellies
 E - 19 fruits
 H - 7 bread rations


   Skills:
 - Level 13.0 Fighting
 - Level 6.1 Short Blades
 + Level 3.3 Polearms
 - Level 12.7 Dodging
 - Level 2.3 Stealth
 - Level 4.4 Shields
 + Level 11.4 Spellcasting
 - Level 12.0 Conjurations
 - Level 2.8 Translocations
 - Level 12.1 Fire Magic


You had 9 spell levels left.
You knew the following spells:

 Your Spells              Type           Power        Failure   Level  Hunger
a - Magic Dart            Conj           ####         1%          1    None
b - Searing Ray           Conj           ######       1%          2    None
c - Conjure Flame         Conj/Fire      #######.     1%          3    None
d - Iskenderun's Mystic   Conj           ######..     1%          4    None
e - Blink                 Tloc           N/A          2%          2    None
f - Bolt of Fire          Conj/Fire      #######...   1%          6    #####..
g - Fireball              Conj/Fire      #######...   1%          5    ####...
s - Sticky Flame          Conj/Fire      #######.     1%          4    None


Dungeon Overview and Level Annotations

Branches:
Dungeon (15/15)            Temple (1/1) D:5            Lair (6/6) D:10
 Shoals (0/4) Lair:4        Snake (2/4) Lair:3        Slime (0/5) Lair:5
    Orc (2/2) D:10            Elf (0/3) Orc:2        Vaults (0/5) D:14
 Depths: D:15

Altars:
Ashenzari
Cheibriados
Dithmenos
Elyvilon
Fedhas
Hepliaklqana
Kikubaaqudgha
Makhleb
Okawaru
Qazlal
Ru
Sif Muna
Trog
Uskayaw
Vehumet
Xom
Yredelemnul
Zin
The Shining One

Shops:
D:5 :   D:7 [   D:8 }   Orc:2 ?:=((

Annotations:
D:4 Dowan, Duvessa
Lair:4 Rupert
Lair:5 exclusion: 2 oklob plants


Innate Abilities, Weirdness & Mutations

You can breathe blasts of fire.
Your fiery red scales are hard. (AC +9)
You cannot fit into any form of body armour.
Your flesh is heat resistant. (rF+)
You are cold-blooded and may be slowed by cold attacks.
You have a pair of small antennae on your head.
You have sharp toenails.
Your body sometimes deteriorates upon taking damage.
You are frail. (-10% HP)


Message History

You feel much better.
You feel sick.
The nagaraja burns!
The nagaraja hits you with a flail of crushing!
* * * LOW HITPOINT WARNING * * *
x2 The nagaraja constricts you.
Unknown command.
Unknown command.
You feel better.
The nagaraja burns!
The nagaraja hits you but does no damage.
The nagaraja constricts you.
Unknown command.
Unknown command.
You hit the nagaraja but do no damage.
The nagaraja is almost dead.
You have got your breath back.
The nagaraja burns!
The nagaraja casts a spell at you. The orb of energy hits you!
* * * LOW HITPOINT WARNING * * *
The orb of energy explodes!
You die...

.##.### ##......###..#..#.......
#.#.# #...............#......#
#..## ##........###...##.......
#..####.........###.#.###......
###...............####.###......
#....###..........####..........
##...#####.........##.###.......
#....######...†...#.## #.#.....
#......#####.N@....## ##.#....
#.##.##..##..######.# #.#.#..
.##<#.......### .# # ####. .#
#.#..<......### ## #..
#.#...........# #..
.###........S## #.. .
##.......#.. #.. ..
##........S.. #.. ..
..#.....##.NS..


You could see a nagaraja (burning).

Vanquished Creatures
  Gastronok (D:8)
  A frost giant (IceCv)
  A very ugly thing (D:14)
  A minotaur (Lab)
  A vault guard (D:14)
  Erolcha (D:9)
  Harold (Lair:1)
  5 naga warriors (Snake:1)
  6 hydras
  4 centaur warriors
  4 anacondas
  3 two-headed ogres
  A tengu warrior (D:14)
  3 shock serpents (Snake:1)
  Nergalle (Orc:1)
  A deep elf knight (Bailey)
  Urug (Orc:1)
  A fire crab (Lair:6)
  2 unseen horrors (Lab)
  A naga ritualist (Snake:1)
  A wolf spider zombie (D:15)
  A mana viper (Snake:1)
  3 oklob plants (D:12)
  2 salamanders (Snake:1)
  10 deep elf magi (Bailey)
  A manticore (D:14)
  2 cyclopes
  14 black mambas
  8 elephants
  A merfolk siren (Lair:4)
  Joseph (Lair:1)
  2 naga magi (Snake:1)
  3 ice statues
  Psyche (D:8)
  2 centaur skeletons
  2 spiny frogs
  2 gargoyles (D:10)
  A komodo dragon (shapeshifter) (D:13)
  9 komodo dragons
  3 kobold demonologists
  6 trolls
  18 polar bears
  3 hornets (Lair:6)
  9 blink frogs
  Grinder (D:5)
  4 hippogriffs
  5 slime creatures (D:14)
  A ynoxinul (Abyss:4)
  Sigmund (D:5)
  2 vampires
  14 spriggans
  52 yaks
  4 wyverns
  A neqoxec (D:9)
  2 hungry ghosts
  4 vampire mosquitoes
  4 wargs (Orc:1)
  3 basilisks
  9 nagas
  Edmund (D:5)
  13 water moccasins
  3 acid dragons
  2 hell hounds (D:10)
  10 porcupines
  32 orc warriors
  2 sky beasts
  2 phantoms
  2 ice beasts (D:13)
  3 eyes of draining
  3 black bears
  3 necrophages
  9 ogres
  27 wolves
  24 centaurs
  14 crocodiles
  4 boggarts (Lair:6)
  3 big kobolds
  Blork the orc (D:6)
  17 bullfrogs
  4 scorpions
  5 killer bees (D:10)
  4 electric eels
  7 wights (D:8)
  4 howler monkeys
  3 crimson imps
  2 bullfrog zombies
  2 quasits
  A centaur zombie (D:8)
  9 orc priests
  7 hounds
  5 jellies
  A bullfrog skeleton (D:10)
  16 orc wizards
  Ijyb (D:3)
  Terence (D:3)
  8 iguanas
  7 worker ants
  2 hound skeletons
  A worker ant zombie (D:11)
  A gnoll (D:1)
  15 adders
  2 shadow imps (D:8)
  12 white imps (D:14)
  An adder skeleton (D:9)
  A worm (D:2)
  2 dart slugs (D:2)
  6 leopard geckos
  108 orcs
  14 bats
  5 giant cockroaches
  11 goblins
  5 hobgoblins
  5 jackals
  24 kobolds
  7 quokkas
  2 frilled lizards (D:1)
  A jackal skeleton (D:8)
  A leopard gecko skeleton (D:5)
  7 rats
  2 bushes (D:12)
  A plant (D:12)
750 creatures vanquished.

Vanquished Creatures (others)
  An ice beast (D:13)
  4 centaurs (D:13)
  A jelly (D:13)
  A worker ant zombie (D:5)
  A jackal (D:9)
  A bush (Lair:3)
  6 fulminant prisms
  10 fungi
  5 plants
30 creatures vanquished.

Grand Total: 780 creatures vanquished

Notes
Turn   | Place    | Note
-------+----------+-------------------------------------------
     0 | D:1      | MDvedh the Draconian Conjurer began the quest for the Orb.
     0 | D:1      | Reached XP level 1. HP: 14/14 MP: 3/3
   283 | D:1      | Reached XP level 2. HP: 20/20 MP: 0/5
   486 | D:1      | Learned a level 2 spell: Searing Ray
   748 | D:1      | Reached XP level 3. HP: 26/26 MP: 6/6
  1421 | D:2      | Reached XP level 4. HP: 19/33 MP: 6/8
  1629 | D:2      | Reached skill level 5 in Conjurations
  2044 | D:3      | Learned a level 4 spell: Iskenderun's Mystic Blast
  2046 | D:3      | Found a shimmering altar of Xom.
  2226 | D:3      | Noticed Terence
  2387 | D:3      | Reached XP level 5. HP: 19/38 MP: 8/9
  2640 | D:3      | Noticed a phantom
  2749 | D:3      | Found a glowing golden altar of the Shining One.
  2981 | D:3      | Killed Terence
  3165 | D:3      | Noticed Ijyb
  3207 | D:3      | Killed Ijyb
  3458 | D:4      | Noticed Duvessa
  3458 | D:4      | Noticed Dowan
  3582 | D:3      | Learned a level 4 spell: Fulminant Prism
  3784 | D:4      | Reached XP level 6. HP: 39/45 MP: 11/11
  3812 | D:5      | Entered Level 5 of the Dungeon
  3947 | D:5      | Reached skill level 1 in Short Blades
  4008 | D:5      | Found Entad's Book Shoppe.
  4053 | D:5      | Found a staircase to the Ecumenical Temple.
  4068 | D:5      | Got a shimmering short sword
  4069 | D:5      | Identified the cursed +1 short sword "Jusuxkif" {freeze, Str+8} (You found it on level 5 of the Dungeon)
  4074 | Temple   | Entered the Ecumenical Temple
  4209 | Temple   | Became a worshipper of Vehumet
  4361 | D:5      | Your scales start taking on a fiery red colour.
  4361 | D:5      | Reached XP level 7. HP: 32/50 MP: 6/12
  4361 | D:5      | Gained mutation: Your flesh is heat resistant. (rF+) [Red Draconian growth]
  4470 | D:5      | Noticed Grinder
  4479 | D:5      | Killed Grinder
  4635 | D:5      | Noticed Edmund
  4660 | D:5      | Killed Edmund
  4791 | D:5      | Noticed Sigmund
  4795 | D:5      | Killed Sigmund
  4931 | D:5      | Reached XP level 8. HP: 57/57 MP: 13/13
  5634 | D:5      | Bought a book of Minor Magic for 280 gold pieces
  5638 | D:5      | Learned a level 3 spell: Conjure Flame
  6155 | D:6      | Reached skill level 1 in Fire Magic
  6634 | D:6      | Noticed Blork the orc
  6643 | D:6      | Killed Blork the orc
  6830 | D:6      | Reached XP level 9. HP: 49/62 MP: 14/14
  6973 | D:6      | Found an iron altar of Okawaru.
  7151 | D:7      | Reached * piety under Vehumet
  7151 | D:7      | Offered knowledge of Sting by Vehumet.
  7271 | D:7      | Found Jushruoz's Armour Shoppe.
  7663 | D:8      | Noticed Psyche
  7683 | D:8      | Killed Psyche
  7683 | D:8      | Reached skill level 5 in Dodging
  7923 | D:8      | Noticed Gastronok
  7956 | D:8      | Found Tiruor's Gadget Boutique.
  8535 | D:8      | Reached skill level 5 in Fire Magic
  8666 | D:8      | Reached ** piety under Vehumet
  8666 | D:8      | Offered knowledge of Freeze by Vehumet.
  8667 | D:8      | Reached skill level 10 in Conjurations
  8673 | D:8      | Reached skill level 5 in Spellcasting
  9029 | D:8      | Killed Gastronok
  9029 | D:8      | Reached XP level 10. HP: 38/69 MP: 11/19
  9276 | D:9      | Learned a level 5 spell: Fireball
  9279 | D:9      | Learned a level 2 spell: Blink
  9729 | D:9      | Offered knowledge of Ignite Poison by Vehumet.
  9730 | D:9      | Noticed Erolcha
  9743 | D:9      | Cast into level 2 of the Abyss (Erolcha)
  9816 | Abyss:3  | Noticed a thrashing horror
  9902 | Abyss:3  | Noticed an eidolon
  9910 | Abyss:3  | Noticed an orange demon
  9934 | Abyss:3  | Noticed a reaper
  9939 | Abyss:3  | Noticed a worldbinder
  9944 | Abyss:3  | Noticed a thrashing horror
  9947 | Abyss:3  | Noticed a merfolk siren
 10023 | Abyss:3  | Noticed an ice statue
 10035 | Abyss:3  | Killed an ice statue
 10115 | Abyss:4  | Noticed a spatial maelstrom
 10116 | Abyss:4  | Found a corrupted altar of Lugonu.
 10131 | Abyss:4  | Found a corrupted altar of Lugonu.
 10135 | Abyss:5  | Entered Level 5 of the Abyss
 10153 | Abyss:5  | Gained mutation: You are frail. (-10% HP) [a neqoxec]
 10173 | Abyss:5  | Gained mutation: Your body sometimes deteriorates upon taking damage. [a neqoxec]
 10174 | D:9      | Escaped the Abyss
 10183 | D:9      | Gained mutation: You are very frail. (-20% HP) [a neqoxec]
 10191 | D:9      | Gained mutation: You tend to lose your temper in combat. [a neqoxec]
 10453 | D:9      | Killed Erolcha
 10508 | D:9      | Lost mutation: You tend to lose your temper in combat. [potion of mutation]
 10508 | D:9      | Lost mutation: You are very frail. (-20% HP) [potion of mutation]
 10508 | D:9      | Gained mutation: Your tail ends in a poisonous barb. [potion of mutation]
 10508 | D:9      | Gained mutation: You have a pair of small antennae on your head. [potion of mutation]
 10508 | D:9      | Lost mutation: Your tail ends in a poisonous barb. [potion of mutation]
 10508 | D:9      | Gained mutation: You have sharp toenails. [potion of mutation]
 10613 | D:9      | Reached XP level 11. HP: 66/66 MP: 21/21
 10715 | D:10     | Entered Level 10 of the Dungeon
 10738 | D:10     | Found a staircase to the Lair.
 10879 | D:10     | Reached *** piety under Vehumet
 11077 | D:10     | Offered knowledge of Stone Arrow by Vehumet.
 11180 | D:10     | Found a staircase to the Orcish Mines.
 11320 | D:10     | Reached **** piety under Vehumet
 11363 | D:10     | Reached skill level 1 in Fighting
 11747 | D:10     | Offered knowledge of Venom Bolt by Vehumet.
 11758 | D:10     | Reached skill level 1 in Translocations
 11763 | D:10     | Reached skill level 2 in Fighting
 11827 | D:10     | Reached skill level 3 in Fighting
 12218 | Lair:1   | Entered Level 1 of the Lair of Beasts
 12223 | Lair:1   | Noticed Harold
 12233 | Lair:1   | Killed Harold
 12233 | Lair:1   | Reached skill level 4 in Fighting
 12661 | Lair:1   | Reached skill level 5 in Fighting
 12784 | Lair:1   | Noticed Joseph
 12806 | Lair:1   | Killed Joseph
 13478 | Lair:2   | Learned a level 4 spell: Sticky Flame
 13503 | Lair:2   | Reached skill level 6 in Fighting
 14712 | Lair:3   | Reached skill level 7 in Fighting
 14780 | Lair:3   | Reached ***** piety under Vehumet
 14780 | Lair:3   | Offered knowledge of Poison Arrow by Vehumet.
 15172 | Lair:3   | Reached XP level 12. HP: 59/90 MP: 23/23
 15177 | Lair:3   | Reached skill level 8 in Fighting
 15643 | Lair:3   | Found a staircase to the Snake Pit.
 16192 | Lair:4   | Found a staircase to the Shoals.
 16331 | Lair:4   | Noticed Rupert
 16515 | Lair:4   | Reached skill level 9 in Fighting
 16644 | Lair:4   | Paralysed by Rupert for 5 turns
 16672 | Lair:4   | Reached skill level 10 in Dodging
 16672 | Lair:4   | Reached skill level 10 in Fire Magic
 17230 | Lair:5   | Found a staircase to the Slime Pits.
 17483 | Lair:5   | Noticed a six-headed hydra
 17490 | Lair:5   | Killed a six-headed hydra
 17681 | Lair:5   | Noticed a six-headed hydra
 17691 | Lair:5   | Killed a six-headed hydra
 18257 | Lair:5   | Noticed a five-headed hydra
 18266 | Lair:5   | Killed a five-headed hydra
 18266 | Lair:5   | Reached XP level 13. HP: 100/100 MP: 25/25
 18323 | Lair:6   | Entered Level 6 of the Lair of Beasts
 18488 | Lair:6   | Found a burning altar of Makhleb.
 18715 | Lair:6   | Reached skill level 10 in Fighting
 19209 | Lair:6   | Offered knowledge of Conjure Ball Lightning by Vehumet.
 20161 | Orc:1    | Entered Level 1 of the Orcish Mines
 20608 | Orc:1    | Noticed Urug
 20627 | Orc:1    | Killed Urug
 20814 | Orc:2    | Entered Level 2 of the Orcish Mines
 21135 | Orc:1    | Noticed Nergalle
 21140 | Orc:1    | Killed Nergalle
 21552 | Orc:2    | Found a staircase to the Elven Halls.
 21637 | Orc:2    | Found Wotanwue's Magic Scroll Shop.
 21651 | Orc:2    | Bought a scroll of teleportation for 39 gold pieces
 21651 | Orc:2    | Bought a scroll of identify for 26 gold pieces
 21651 | Orc:2    | Bought a scroll of teleportation for 39 gold pieces
 21651 | Orc:2    | Bought a scroll of magic mapping for 45 gold pieces
 21890 | Orc:2    | Offered knowledge of Bolt of Fire by Vehumet.
 22153 | Orc:2    | Found Nefett's Weapon Shop.
 22153 | Orc:2    | Found Ycout's Jewellery Emporium.
 22155 | Orc:2    | Found Feluel's Book Shoppe.
 22157 | Orc:2    | Found Giunytax's Antique Weapon Boutique.
 22162 | Orc:2    | Bought a cursed ring of teleportation for 49 gold pieces
 22162 | Orc:2    | Bought an uncursed ring of fire for 275 gold pieces
 22169 | Orc:2    | Bought an ancient dagger for 203 gold pieces
 22170 | Orc:2    | Identified the +6 dagger of the Tiger {vamp, Str+2} (You bought it in a shop on level 2 of the Orcish Mines)
 22339 | D:10     | Learned a level 6 spell: Bolt of Fire
 22402 | D:11     | Reached ****** piety under Vehumet
 22578 | D:11     | Reached XP level 14. HP: 71/109 MP: 11/27
 22628 | D:11     | Found a labyrinth entrance.
 22637 | Lab      | Entered a labyrinth
 23309 | D:11     | Reached skill level 11 in Fighting
 24261 | D:12     | Found a flagged portal.
 24276 | Bailey   | Entered a bailey
 24342 | Bailey   | Reached skill level 5 in Short Blades
 24581 | Bailey   | Identified 2 scrolls of acquirement
 24864 | D:12     | Offered knowledge of Yara's Violent Unravelling by Vehumet.
 26262 | D:14     | Got a crystal trident
 26265 | D:14     | Identified the +7 trident of Ashenzari's Vengeance {pierce, +Rage Int+3} (You found it on level 14 of the Dungeon)
 26282 | D:14     | Found a frozen archway.
 26325 | IceCv    | Entered an ice cave
 26335 | IceCv    | Reached skill level 10 in Spellcasting
 26763 | IceCv    | Reached skill level 12 in Fighting
 26892 | IceCv    | Noticed a frost giant
 26902 | IceCv    | Offered knowledge of Bolt of Cold by Vehumet.
 26903 | IceCv    | Killed a frost giant
 27606 | D:14     | Noticed a purple very ugly thing
 27614 | D:14     | Reached XP level 15. HP: 120/120 MP: 11/29
 27739 | D:14     | Found a gate to the Vaults.
 28024 | D:15     | Entered Level 15 of the Dungeon
 28048 | D:15     | Noticed a fire giant
 28309 | Snake:1  | Entered Level 1 of the Snake Pit
 28992 | Snake:1  | Reached skill level 1 in Polearms
 29425 | Snake:1  | Reached skill level 13 in Fighting
 30395 | Snake:2  | Noticed a nagaraja
 30419 | Snake:2  | HP: 1/121 [nagaraja/orb of energy (42)]
 30419 | Snake:2  | Slain by a nagaraja

Skill      XL: |  1  2  3  4  5  6  7  8  9 10 11 12 13 14 15 |
---------------+----------------------------------------------+-----
Stealth        | 2 |  2.3
Conjurations   | 5 6 8 9 10 11 12 | 12.0
Spellcasting   | 3 6 7 8 9 10 11 | 11.4
Dodging        | 2 3 4 6 7 9 10 11 12 | 12.7
Short Blades   | 1 3 4 6 |  6.1
Fire Magic     | 3 7 8 9 10 11 12 | 12.1
Fighting       | 7 9 10 12 13 | 13.0
Translocations | 2 |  2.8
Shields        | 4 |  4.4
Polearms       | 3 |  3.3

Action                   |  1- 3 |  4- 6 |  7- 9 | 10-12 | 13-15 || total
-------------------------+-------+-------+-------+-------+-------++-------
Melee: Unarmed           |     9 |       |       |       |       ||     9
       Tailslap          |     2 |    15 |    39 |    77 |   136 ||   269
       Dagger            |    27 |       |       |       |   250 ||   277
       Short sword       |    13 |   137 |   222 |   457 |    99 ||   928
       Rapier            |       |       |       |       |   625 ||   625
 Cast: Magic Dart        |    24 |    31 |    72 |   181 |    53 ||   361
       Searing Ray       |     5 |    26 |    38 |    57 |     6 ||   132
       Iskenderun's Myst |       |     2 |    16 |    72 |    19 ||   109
       Conjure Flame     |       |       |     6 |    14 |     2 ||    22
       Fulminant Prism   |       |       |     2 |     3 |     1 ||     6
       Fireball          |       |       |       |    15 |    38 ||    53
       Blink             |       |       |       |     6 |       ||     6
       Sticky Flame      |       |       |       |    36 |   142 ||   178
       Bolt of Fire      |       |       |       |       |    85 ||    85
 Abil: Breathe Fire      |       |       |       |    33 |    35 ||    68
Evoke: Wand              |       |       |       |       |     3 ||     3
  Use: Scroll            |       |     8 |     9 |    10 |    12 ||    39
       Potion            |       |     4 |       |     6 |    10 ||    20
 Stab: Sleeping          |     1 |     5 |     2 |     7 |    15 ||    30
       Distracted        |       |       |       |     1 |     3 ||     4
  Eat: Chunk             |     2 |     6 |     8 |    29 |    43 ||    88
       Bread ration      |       |     1 |     1 |     1 |     3 ||     6
       Meat ration       |       |       |     2 |     2 |     5 ||     9
       Fruit             |       |       |       |     3 |       ||     3
       Royal jelly       |       |       |       |     1 |     6 ||     7
Armor: Skin              |    21 |    52 |    68 |   153 |   275 ||   569
Dodge: Dodged            |    47 |    97 |   161 |   451 |  1101 ||  1857
Block: Buckler           |       |       |       |       |   280 ||   280
